 Dungeon Crawl Stone Soup version 0.31-a0-1555-g5715333c33 (webtiles) character file.

Game seed: 2388178493307422153

317 EiAlmux the Changeling (level 6, -2/57 HPs)
             Began as a Troll Shapeshifter on Jan 3, 2024.
             Slain by Duvessa
             ... wielding a +0 short sword
              (7 damage)
             ... on level 4 of the Dungeon.
             The game lasted 00:06:58 (1414 turns).

EiAlmux the Changeling (Troll Shapeshifter)         Turns: 1414, Time: 00:06:59

Health: -2/57      AC:  4    Str: 25    XL:     6   Next: 20%
Magic:  5/5        EV: 10    Int:  6    God:
Gold:   115        SH:  0    Dex:  9    Spells: 5/5 levels left

rFire   . .          .
                       - Unarmed
rCold   . . .        (no shield)
rNeg    . . .        a - +0 animal skin
rPois   .            (helmet currently unavailable)
rElec   .            (cloak currently unavailable)
rCorr   .            (gloves unavailable)
SInv    .            (boots unavailable)
Will    .....        (no amulet)
Stlth   +            (no ring)
HPRegen 1.09/turn    (no ring)
MPRegen 0.09/turn

%: no passive effects
@: mighty, beast-form
A: beast (slay +2), large, unfitting armour, claws 3, regeneration 1, shaggy fur
1, tough skin 1
a: Begin Untransformation


You were on level 4 of the Dungeon.
You were a hulking beast.
You visited 1 branch of the dungeon, and saw 4 of its levels.

You collected 115 gold pieces.

Inventory:

Armour
 a - a +0 animal skin (worn)
Talismans
 c - a beast talisman (active)
 d - a flux talisman
Scrolls
 e - a scroll of teleportation
 f - a scroll of identify
 i - a scroll of revelation {unknown}
 k - a scroll of enchant weapon {unknown}
Potions
 b - 2 potions of lignification
 h - a potion of attraction {unknown}
 j - a potion of brilliance {unknown}


   Skills:
 + Level 2.2 Fighting
 + Level 2.5 Dodging
 + Level 1.2 Stealth
 + Level 3.9 Unarmed Combat
 * Level 4.4 Shapeshifting


You had 5 spell levels left.
You didn't know any spells.
Your spell library contained the following spells:

 Spells                   Type           Power      Damage    Failure   Level
 Hailstorm                Conj/Ice       0%         3d5       83%         3
 Ozocubu's Armour         Ice            0%         N/A       83%         3
 Summon Ice Beast         Ice/Summ       0%         N/A       83%         3
 Tukima's Dance           Hex            0%         N/A       83%         3
 Dimensional Bullseye     Hex/Tloc       0%         N/A       99%         4
 Iskenderun's Mystic Bla  Conj/Tloc      0%         2d3       99%         4
 Metabolic Englaciation   Hex/Ice        0%         N/A       100%        5
 Sculpt Simulacrum        Ice/Alch       0%         N/A       100%        6


Dungeon Overview and Level Annotations

Branches:
Dungeon (4/15)
 Temple: D:4-7

Altars:
Elyvilon
Trog
Vehumet
Yredelemnul

Shops:
D:3 *

Annotations:
D:4 Duvessa


Innate Abilities, Weirdness & Mutations

You are a hulking beast.
Your limbs bulge with bestial killing power. (Slay +2)
You are too large for most types of armour.
You have claws for hands.
Your natural rate of healing is unusually fast.
You are covered in fur. (AC +1)
You have tough skin. (AC +1)


Message History

You kill Dowan!
You hear a distant scream of rage.
No target in view!
HP restored.
Things that are here:
a +0 dagger; a +0 robe; the elf corpse of Dowan
Found a stone staircase leading down.
Found a radiant altar of Vehumet.
An orc comes into view. It is wielding a +0 whip.
The orc shouts!
Duvessa, Sister of Dowan comes into view.
She is wielding a +0 short sword.
Duvessa goes berserk!
A kobold comes into view. It is wielding a +0 short sword.
There is an open door here.
You close the door.
An orc opens the door.
You barely miss Duvessa.
The kobold shouts!
Duvessa hits you with a +0 short sword! Duvessa closely misses you.
You scratch Duvessa but do no damage. Duvessa barely misses you.
You barely miss Duvessa. Duvessa hits you with a +0 short sword.
You closely miss Duvessa. Duvessa hits you with a +0 short sword!
Duvessa hits you with a +0 short sword.
You scratch Duvessa but do no damage. Duvessa barely misses you.
You claw Duvessa!
Duvessa is moderately wounded.
Duvessa hits you with a +0 short sword!
You claw Duvessa!
Duvessa is heavily wounded.
Duvessa hits you with a +0 short sword!
* * * LOW HITPOINT WARNING * * *
Duvessa hits you with a +0 short sword.
* * * LOW HITPOINT WARNING * * *
You feel very mighty all of a sudden. Duvessa hits you with a +0 short sword.
* * * LOW HITPOINT WARNING * * *
You claw Duvessa!
Duvessa is severely wounded.
Duvessa hits you with a +0 short sword!
You die...

##+### ##########.....#
#..>....#.......
########.......#.......
..........####heo.._...'
#.####...##.# ###K......
............# .......
#.##.#...#### #.....#
#.##.##.## ##+###
#.##.##)# #.##.##.#
......#.# ........#


You could see Duvessa (berserk), an orc and a kobold.

Vanquished Creatures
  A black bear (D:3)
  Dowan (D:4)
  Natasha (twice) (D:2)
  Terence (D:2)
  Robin (D:2)
  2 river rats (D:3)
  2 adders (D:3)
  2 dart slugs
  3 orcs (D:3)
  4 ball pythons
  A bat (D:3)
  4 endoplasms
  3 giant cockroaches
  9 goblins (D:2)
  3 hobgoblins
  3 jackals (D:3)
  3 kobolds (D:3)
  3 quokkas
  4 rats (D:3)
52 creatures vanquished.

Vanquished Creatures (others)
  A butterfly (D:3)
1 creature vanquished.

Grand Total: 53 creatures vanquished

Notes
Turn   | Place    | Note
-------+----------+-------------------------------------------
     0 | D:1      | EiAlmux the Troll Shapeshifter began the quest for the Orb.
     0 | D:1      | Reached XP level 1. HP: 18/18 MP: 0/0
     5 | D:1      | You fall into a shaft and drop 1 floor!
    74 | D:2      | Noticed Natasha
    82 | D:2      | Noticed a cerulean imp
    83 | D:2      | Killed Natasha
    84 | D:2      | Reached skill level 1 in Fighting
    84 | D:2      | Reached XP level 2. HP: 15/27 MP: 1/1
    84 | D:2      | Reached XP level 3. HP: 18/33 MP: 2/2
   261 | D:2      | Noticed Robin
   267 | D:2      | Killed Robin
   315 | D:2      | Noticed Terence
   327 | D:2      | Killed Terence
   328 | D:2      | Reached XP level 4. HP: 24/41 MP: 3/3
   361 | D:2      | Noticed Natasha
   367 | D:2      | Killed Natasha
   534 | D:3      | Noticed a black bear
   543 | D:3      | Killed a black bear
   544 | D:3      | Reached skill level 1 in Stealth
   544 | D:3      | Reached skill level 4 in Shapeshifting
   544 | D:3      | Reached XP level 5. HP: 47/49 MP: 4/4
   590 | D:3      | Found a faded altar of an unknown god.
   594 | D:3      | Found a basalt altar of Yredelemnul.
   629 | D:3      | Found a faded altar of an unknown god.
   705 | D:3      | Found a bloodstained altar of Trog.
   822 | D:3      | Found Unga's General Store.
   838 | D:3      | Found a white marble altar of Elyvilon.
   912 | D:3      | Found a glowing drain.
  1259 | D:4      | Reached XP level 6. HP: 57/57 MP: 5/5
  1366 | D:4      | Noticed Dowan
  1378 | D:4      | Killed Dowan
  1398 | D:4      | Found a radiant altar of Vehumet.
  1401 | D:4      | Noticed Duvessa
  1414 | D:4      | Slain by Duvessa

Illustrated notes

Levels and vault maps discovered:
D:1:      dpeg_arrival_tiny_a, layout_rooms, minmay_heptomino_l4
D:2:      layout_basic, minmay_misc_feat_square, uniq_terence, uniq_natasha,
          uniq_robin
D:3:      layout_basic, nicolae_overflow_ecumenical_swirl, old_standard_altar,
          nicolae_elyvilon_peaceful_grove, serial_shops, shop,
          portal_sewer_entry_e, chequers_ecumenical_altar_simple
D:4:      minmay_clustersquares, layout_loops_ring, nicolae_vehumet_altar_sigil,
          minmay_bisected, uniq_duvessa, uniq_sigmund, uniq_blork_the_orc

Skill      XL: |  1  2  3  4  5 |
---------------+----------------+-----
Fighting       | 1 2 |  2.2
Dodging        | 2 |  2.5
Stealth        | 1 |  1.2
Shapeshifting  | 4 |  4.4
Unarmed Combat | |  3.9

Action                     |  1- 3 |  4- 6 || total
---------------------------+-------+-------++-------
  Melee: Unarmed           |    50 |    99 ||   149
         Punch             |     2 |     1 ||     3
Ability: Begin Untransform |     1 |       ||     1
    Use: Scroll            |       |     2 ||     2
         Potion            |       |     1 ||     1
   Stab: Sleeping          |       |     2 ||     2
 Armour: Animal skin       |    37 |    83 ||   120
  Dodge: Dodged            |    14 |    44 ||    58
   Form: Beast             |     1 |       ||     1

Table legend: (Time is in decaauts)
 A = Elapsed time spent in this place.
 B = Non-inter-level travel time spent in this place.
 C = Inter-level travel time spent in this place.
 D = Time resting spent in this place.
 E = Time spent auto-exploring this place.
 F = Levels seen in this place.
 G = Mean time per level.
                   A        B        C        D        E       F      G
               +--------+--------+--------+--------+--------+-----+--------+
         Total |   1404 |   1216 |    188 |      0 |    785 |   4 |  351.0 |
       Dungeon |   1404 |   1216 |    188 |      0 |    785 |   4 |  351.0 |
               +--------+--------+--------+--------+--------+-----+--------+

Top non-repeatable levels by time:
     D:3: 851 daAuts
     D:2: 484 daAuts
     D:4: 62 daAuts
     D:1: 5 daAuts
